 Dungeon Crawl Stone Soup version 0.17.0-28-g6e173f8 (webtiles) character file.

5821 homeworkjunkie the Slinger (level 10, -5/51 HPs)
             Began as a Spriggan Assassin on Nov 26, 2015.
             Was an Elder of Okawaru.
             Slain by a lindwurm (8 damage)
             ... on level 9 of the Dungeon.
             The game lasted 00:30:53 (10884 turns).

homeworkjunkie the Slinger (Spriggan Assassin)     Turns: 10884, Time: 00:30:53

Health: -5/51      AC: 10    Str:  7    XL:     10   Next: 51%
Magic:  11/12      EV: 15    Int: 14    God:    Okawaru [****..]
Gold:   368        SH:  0    Dex: 20    Spells: 0 memorised, 9 levels left

rFire  + + .     SeeInvis +     a - +3 dagger (drain)
rCold  . . .     Clarity  .     u - +0 fire dragon armour
rNeg   . . .     SustAt   .     (shield restricted)
rPois  .         Gourm    .     (helmet restricted)
rElec  .         Spirit   .     d - +1 cloak
rCorr  +         Warding  .     (gloves unavailable)
rMut   .         Stasis   .     (boots unavailable)
MR     +....                    B - amulet of resist corrosion
Stlth  ++++......               (no ring)
                                z - ring of protection from cold

@: exhausted, very slightly contaminated, slowed, quick, somewhat resistant to
hostile enchantments, stealthy
A: unfitting armour, see invisible, herbivore 3, speed 3, slow metabolism 2
a: Heroism, Renounce Religion


You were on level 9 of the Dungeon.
You worshipped Okawaru.
Okawaru was greatly pleased with you.
You were not hungry.

You visited 2 branches of the dungeon, and saw 10 of its levels.

You collected 368 gold pieces.

Inventory:

Hand Weapons
 a - a +3 dagger of draining (weapon)
 b - a +0 blowgun
 q - a +1 hunting sling
Missiles
 c - 8 sling bullets of flame
 e - 43 poisoned needles
 f - 2 curare-tipped needles
 h - 21 sling bullets
 y - 10 poisoned sling bullets
 D - 2 steel sling bullets
 E - 4 tomahawks (quivered)
Armour
 d - a +1 cloak (worn)
 u - a +0 fire dragon armour (worn)
Jewellery
 z - a ring of protection from cold (left hand)
 B - an amulet of resist corrosion (around neck)
Wands
 i - a wand of frost (11)
 j - a wand of digging (5)
 s - a wand of magic darts (15)
 w - a wand of flame (0)
 C - a wand of disintegration (3)
Scrolls
 l - 5 scrolls of remove curse
 n - 5 scrolls of teleportation
 t - a scroll of immolation
 v - a scroll of fog
 x - a scroll of magic mapping
Potions
 m - 4 potions of brilliance
 o - a potion of magic
 p - a potion of agility {unknown}
 r - a potion of curing
Books
 F - Sif Muna's Handbook of Intuition
   (You found it on level 9 of the Dungeon)

   Spells                             Type                      Level
   a - Summon Butterflies             Summoning                    1
   b - Ozocubu's Armour               Charms/Ice                   3
   c - Summon Guardian Golem          Hexes/Summoning              3
   d - Call Canine Familiar           Summoning                    3
   e - Warp Weapon                    Charms/Translocation         5
   f - Excruciating Wounds            Charms/Necromancy            5
Comestibles
 g - 7 bread rations


   Skills:
 * Level 4.4 Fighting
 * Level 5.7 Short Blades
 * Level 11.1(11.8) Slings
 * Level 5.6(8.3) Throwing
 + Level 1.3 Armour
 * Level 9.1 Dodging
 * Level 11.0 Stealth
 * Level 1.5 Evocations


You had 9 spell levels left.
You didn't know any spells.

Dungeon Overview and Level Annotations

Branches:
Dungeon (9/15)             Temple (1/1) D:7
   Lair: D:8-11         Orc: D:9-12

Altars:
Cheibriados
Dithmenos
Elyvilon
Okawaru
Ru
Vehumet
Zin

Shops:
D:5 *   D:7 %

Annotations:
D:5 1 runed door


Innate Abilities, Weirdness & Mutations

You are tiny and cannot use many weapons and most armour.
You have supernaturally acute eyesight.
You are a herbivore.
You cover ground extremely quickly.
You need consume almost no food.


Message History

The lindwurm claws you.
* * * LOW HITPOINT WARNING * * *
You hit the lindwurm.
You kill the lindwurm!
Okawaru accepts your kill.
Your Dodging skill increases to level 9!
Your Stealth skill increases to level 11!
You are too berserk!
The lindwurm breathes flames at you. The blast of flame misses you.
The lindwurm misses you.
The lindwurm claws you but does no damage.
The lindwurm closely misses you. The lindwurm misses you.
The lindwurm closely misses you. The lindwurm misses you.
You feel a strong urge to attack something.
You feel your anger subside.
You are no longer berserk.
You are exhausted.
You feel yourself slow down. The lindwurm bites you!
You die...

#....≈≈≈§≈≈§.§..≈§≈≈§≈≈...#####.
#...≈≈≈≈§≈...##...§§§§≈§..##.)..
##...≈≈≈≈§≈..####..≈≈≈§≈≈..%..###
.....≈§≈≈≈..#./$.#(.≈≈≈≈≈.##.....
.#)#≈§§§≈≈.##)>)[##.≈≈≈§§≈##.##..
.#.#≈≈≈≈≈≈.##!)kk##.≈≈≈≈§≈##.##..
.#.#.§§≈≈≈..#.?k.#..§§≈§§.##.##..
.#.#.§§≈≈§≈§.####k.§§≈§§≈.##.## #
.#...≈§≈≈§≈§..##@.§≈§≈≈≈≈..#.#
.....§§§≈≈§§≈...§≈≈§§≈≈≈§..#.#
......≈§≈≈≈§≈≈≈§≈§≈≈≈≈≈≈...#.#
#...#..§≈§§≈≈≈≈§≈§§§§≈≈......#
##.##...§≈≈§≈§≈§§§≈§≈≈...#####
#.###...§≈§≈§≈≈§§§§≈...##
#.####....≈≈≈≈≈§§≈§...##
#......<.....≈≈...§.###
###########..#.....## ##


You could see a lindwurm.

Vanquished Creatures
  A lindwurm (D:9)
  Pikel (D:6)
  The ghost of HolyRage the Magician, a novice HEFE (D:5)
  The ghost of zero the Cleaver, an amateur MiBe of Trog (D:4)
  Grinder (D:6)
  A two-headed ogre (D:4)
  Sigmund (D:6)
  A deep elf mage (D:9)
  3 yaks (D:9)
  A wyvern (D:9)
  A soldier ant (D:5)
  Duvessa (D:5)
  A water moccasin (D:7)
  A sky beast (D:6)
  An ice beast (D:9)
  A phantom (D:5)
  5 centaurs
  4 ogres
  A big kobold (D:9)
  3 giant frogs
  2 scorpions
  Dowan (D:5)
  7 wights
  A quasit (D:7)
  3 orc priests
  3 crimson imps
  6 hounds
  2 jellies
  5 orc wizards
  4 iguanas
  11 worker ants
  6 adders
  A worker ant zombie (D:5)
  A shadow imp (D:7)
  2 adder skeletons
  An adder zombie (D:8)
  A worm (D:3)
  5 giant geckos
  29 orcs
  3 ball pythons
  9 bats
  7 giant cockroaches
  10 goblins
  6 hobgoblins
  9 jackals
  2 quokkas
  3 giant newts
  13 kobolds
  2 quokka zombies
  10 rats
  2 butterflies
198 creatures vanquished.

Vanquished Creatures (others)
  3 slaves (D:6)
  A sky beast (D:6)
  A wight (D:6)
  A ball python (D:6)
6 creatures vanquished.

Grand Total: 204 creatures vanquished

Notes
Turn   | Place    | Note
--------------------------------------------------------------
     0 | D:1      | homeworkjunkie the Spriggan Assassin began the quest for the Orb.
     0 | D:1      | Reached XP level 1. HP: 10/10 MP: 2/2
    35 | D:1      | Reached skill level 6 in Stealth
   363 | D:1      | Reached XP level 2. HP: 15/15 MP: 3/3
  1096 | D:2      | Reached XP level 3. HP: 18/18 MP: 4/4
  1533 | D:2      | Found a radiant altar of Vehumet.
  1655 | D:2      | Reached skill level 7 in Stealth
  1905 | D:4      | Noticed zero's ghost (amateur MiBe)
  2429 | D:3      | Reached XP level 4. HP: 14/23 MP: 5/5
  2641 | D:3      | Found an iron altar of Okawaru.
  2652 | D:3      | Became a worshipper of Warmaster Okawaru
  3012 | D:4      | Reached skill level 1 in Slings
  3016 | D:4      | Noticed a scorpion
  3030 | D:4      | Killed a scorpion
  3030 | D:4      | Reached XP level 5. HP: 26/26 MP: 6/6
  3179 | D:4      | Found a sacrificial altar of Ru.
  3296 | D:5      | Entered Level 5 of the Dungeon
  3367 | D:4      | Reached XP level 6. HP: 28/30 MP: 7/7
  3414 | D:5      | Noticed an ogre
  3418 | D:5      | Killed an ogre
  3908 | D:4      | Killed zero's ghost
  3908 | D:4      | Reached * piety under Okawaru
  3908 | D:4      | Reached skill level 5 in Slings
  3908 | D:4      | Reached XP level 7. HP: 13/35 MP: 8/8
  4225 | D:4      | Noticed a two-headed ogre
  4245 | D:4      | Killed a two-headed ogre
  4245 | D:4      | Reached skill level 8 in Stealth
  4309 | D:5      | Noticed a phantom
  4317 | D:5      | Killed a phantom
  4364 | D:5      | Noticed a centaur
  4374 | D:5      | Killed a centaur
  4374 | D:5      | Reached ** piety under Okawaru
  4374 | D:5      | Reached skill level 5 in Dodging
  4377 | D:5      | Reached XP level 8. HP: 15/39 MP: 9/9
  4589 | D:5      | Found Foti's Assorted Antiques.
  4709 | D:5      | Found a white marble altar of Elyvilon.
  4778 | D:5      | Noticed HolyRage's ghost (novice HEFE)
  4851 | D:5      | Killed HolyRage's ghost
  5098 | D:5      | Noticed Dowan
  5106 | D:5      | Killed Dowan
  5115 | D:5      | Noticed Duvessa
  5147 | D:5      | Killed Duvessa
  5277 | D:5      | Found a runed door.
  5305 | D:5      | Found a runed door.
  5854 | D:5      | Noticed a soldier ant
  5937 | D:5      | Killed a soldier ant
  5940 | D:5      | Gained mutation: You are clumsy. (Dex -2) [potion of mutation]
  5940 | D:5      | Gained mutation: Your spells are a little easier to cast, but a little less powerful. [potion of mutation]
  5940 | D:5      | Lost mutation: Your spells are a little easier to cast, but a little less powerful. [potion of mutation]
  6511 | D:6      | Noticed Grinder
  6538 | D:6      | Paralysed by Grinder for 2 turns
  6554 | D:6      | Killed Grinder
  6554 | D:6      | Reached *** piety under Okawaru
  6589 | D:6      | Reached skill level 9 in Slings
  6969 | D:6      | Found a glowing silver altar of Zin.
  7062 | D:6      | Noticed Sigmund
  7093 | D:6      | Killed Sigmund
  7093 | D:6      | Reached XP level 9. HP: 17/44 MP: 10/10
  7450 | D:6      | Noticed Pikel
  7469 | D:6      | Killed Pikel
  7580 | D:6      | Reached **** piety under Okawaru
  7887 | D:6      | Received a gift from Okawaru
  7887 | D:6      | Reached skill level 5 in Short Blades
  7950 | D:6      | Lost mutation: You are clumsy. (Dex -2) [potion of cure mutation]
  8235 | D:7      | Found a staircase to the Ecumenical Temple.
  8244 | Temple   | Entered the Ecumenical Temple
  8301 | D:7      | Reached skill level 10 in Stealth
  8357 | D:7      | Found Qaf Bei's Food Emporium.
  8534 | D:7      | Reached skill level 10 in Slings
  9054 | D:8      | Reached skill level 5 in Throwing
  9457 | D:8      | Reached XP level 10. HP: 49/49 MP: 11/11
  9553 | D:8      | Reached skill level 1 in Armour
  9895 | D:8      | Found a radiant altar of Vehumet.
 10282 | D:9      | Received a gift from Okawaru
 10791 | D:9      | Reached skill level 11 in Slings
 10791 | D:9      | Reached skill level 1 in Evocations
 10845 | D:9      | Identified Sif Muna's Handbook of Intuition
 10852 | D:9      | Noticed a lindwurm
 10857 | D:9      | Noticed a lindwurm
 10858 | D:9      | Noticed a lindwurm
 10858 | D:9      | Noticed a lindwurm
 10877 | D:9      | HP: 2/76 [lindwurm (2)]
 10878 | D:9      | Killed a lindwurm
 10884 | D:9      | Slain by a lindwurm

Action                   |  1- 3 |  4- 6 |  7- 9 | 10-12 || total
-------------------------+-------+-------+-------+-------++-------
Melee: Dagger            |   129 |    62 |   217 |   111 ||   519
 Fire: Hunting sling     |    35 |    75 |   255 |    58 ||   423
       Blowgun           |     8 |    14 |    43 |    15 ||    80
Evoke: Wand              |       |       |     6 |    11 ||    17
  Use: Scroll            |     9 |     5 |     2 |     3 ||    19
       Potion            |     1 |     3 |     9 |     2 ||    15
 Stab: Sleeping          |    14 |     4 |    11 |     3 ||    32
       Distracted        |       |     1 |     2 |     1 ||     4
  Eat: Bread ration      |       |       |     1 |       ||     1
       Royal jelly       |       |       |     1 |       ||     1
